 Dungeon Crawl Stone Soup version 0.32-a0-818-gb728d0252e (webtiles) character file.

Game seed: 16132234083450001313

12548 cforsyth the Nimble (level 11, 0/61 HPs)
             Began as a Deep Elf Earth Elementalist on Mar 24, 2024.
             Was an Elder of Sif Muna.
             Slain by Snorg (24 damage)
             ... on level 14 of the Dungeon.
             The game lasted 00:37:38 (12619 turns).

cforsyth the Nimble (Deep Elf Earth Elementalist)  Turns: 12619, Time: 00:37:39

Health: 0/61       AC:  7    Str:  5    XL:     11   Next: 63%
Magic:  21/27      EV: 20    Int: 25    God:    Sif Muna [****..]
Gold:   1172       SH:  0    Dex: 21    Spells: 23/31 levels left

rFire   . . .        (no weapon)
rCold   . . .        (no shield)
rNeg    . . .        a - +0 robe
rPois   .            l - +0 helmet
rElec   .            o - +1 cloak
rCorr   .            x - +0 pair of gloves
SInv    .            B - +0 pair of boots
Will    ++...        (no amulet)
Stlth   ++           W - ring of willpower
HPRegen 0.30/turn    D - +6 ring of dexterity
MPRegen 0.20/turn

%: no passive effects
@: no status effects
A: no striking features
a: Renounce Religion, Channel Magic, Forget Spell, Divine Exegesis


You were on level 14 of the Dungeon.
You worshipped Sif Muna.
Sif Muna was greatly pleased with you.
You visited 2 branches of the dungeon, and saw 13 of its levels.
You also visited: Bailey.

You collected 1198 gold pieces.
You spent 26 gold pieces at shops.


   Skills:
 - Level 4.0 Fighting
 + Level 12.5 Dodging
 - Level 2.4 Stealth
 - Level 10.6 Spellcasting
 - Level 8.2 Conjurations
 + Level 7.8 Summonings
 - Level 8.9 Earth Magic


You had 23 spell levels left.
You knew the following spells:

 Your Spells              Type           Power      Damage    Failure   Level
w - Stone Arrow           Conj/Erth      100%       3d13      1%          3
z - Sandblast             Erth           100%       2d20      1%          1
X - Brom's Barrelling Bo  Conj/Erth      54%        2d7       1%          4

Your spell library contained the following spells:

 Spells                   Type           Power      Damage    Failure   Level
 Call Imp                 Summ           100%       N/A       1%          2
 Passwall                 Erth           55%        N/A       1%          3
 Slow                     Hex            52%        N/A       4%          1
 Jinxbite                 Hex            26%        N/A       7%          2
 Sublimation of Blood     Necr           13%        N/A       7%          2
 Petrify                  Alch/Erth      35%        N/A       8%          4
 Confusing Touch          Hex            13%        N/A       14%         3
 Vampiric Draining        Necr           13%        2d6       14%         3
 Arcjolt                  Conj/Air       16%        1d26      24%         5
 Irradiate                Conj/Alch      16%        3d17      24%         5
 Summon Forest            Summ/Tloc      16%        N/A       26%         5
 Summon Mana Viper        Hex/Summ       32%        N/A       26%         5
 Summon Cactus Giant      Summ           25%        N/A       28%         6
 Vhi's Electric Charge    Tloc/Air       26%        N/A       43%         4
 Yara's Violent Unravell  Hex/Alch       6%         3d5       78%         5
 Summon Hydra             Summ           25%        N/A       85%         7
 Enfeeble                 Hex            6%         N/A       100%        7
 Maxwell's Capacitive Co  Air            6%         ∞         100%        8

Inventory:

Armour
 a - a +0 robe (worn)
 j - a +1 hat
 l - a +0 helmet (worn)
 n - a +2 scale mail of fire resistance
 o - a +1 cloak (worn)
 x - a +0 pair of gloves (worn)
 B - a +0 pair of boots (worn)
 M - an orb of light
Magical Staves
 m - a staff of air {!a}
Jewellery
 c - a ring of protection from cold
 d - a +6 ring of dexterity
 C - a ring of protection from cold
 D - a +6 ring of dexterity (right hand)
 P - a ring of poison resistance
 W - a ring of willpower (left hand)
Wands
 r - a wand of flame (29)
 y - a wand of roots (11)
 F - a wand of digging (6)
Scrolls
 h - a scroll of teleportation {@r2}
 q - a scroll of immolation {unknown}
 s - a scroll of poison
 u - a scroll of acquirement
 A - a scroll of brand weapon
 H - a scroll of enchant weapon {unknown}
 I - a scroll of fear {unknown}
 J - a scroll of silence {unknown}
 K - a scroll of amnesia
 L - 6 scrolls of enchant armour
Potions
 b - a potion of magic
 e - a potion of enlightenment
 f - a potion of resistance
 g - 4 potions of lignification
 i - 2 potions of mutation
 k - a potion of invisibility
 p - 3 potions of attraction
 t - 3 potions of curing {@q1}
 v - a potion of heal wounds {@q2}
 w - a potion of brilliance
 z - 2 potions of might
 E - a potion of haste {@q3}
Miscellaneous
 G - a lightning rod (2/4)

Dungeon Overview and Level Annotations

Branches:
Dungeon (11/15)            Temple (1/1) D:5             Orc (0/2) D:9
 Bailey (visited)
   Lair: D:8-11

Altars:
Ashenzari
Cheibriados
Dithmenos
Elyvilon
Fedhas
Gozag
Hepliaklqana
Kikubaaqudgha
Makhleb
Nemelex Xobeh
Okawaru
Qazlal
Ru
Sif Muna
Trog
Uskayaw
Vehumet
Wu Jian
Xom
Yredelemnul
Zin
The Shining One

Shops:
D:5 :   D:7 =   D:8 ?   D:10 *   D:11 [

Annotations:
D:2 1 runed translucent door, Crazy Yiuf
D:14 Louise, Snorg

▒▒▒...▒▒▒........#~~~........ .
▒E▒...▒E▒..#.###.#~~~........
..▒▒▒...▒▒▒..#.#####P~~~..(....
.............#.....#~~~..).)⚑..
......⚑....###.#...#~~......♣..
.......pp..###.#.###~~.........
#▒▒▒..c▒▒▒#.....# ######.#####
▒E▒...▒E▒#.#T######...#.#
▒▒▒...▒▒▒#.#@###....#...#
#####......# #....##....#####
?..........# ###..##....#
...........# #........#
...........# #......###
...........# #.........#
...........# #.#.......#
...e.......# #.#.......#
...........# # #.......#


You could see Snorg (berserk).


Message History

Snorg is lightly wounded.
The blast of sand hits Snorg!!
Snorg is moderately wounded.
Snorg closely misses you. Snorg claws you! Snorg closely misses you.
Snorg bites you! Snorg closely misses you. Snorg barely misses you.
Unknown command.
Aiming: Thunderbolt
Press: ? - help, Shift-Dir - straight line, f/p - Snorg
Aim: Snorg (moderately wounded, berserk)
The thunderbolt hits Snorg!!
Snorg is heavily wounded.
You hear a shout!
Snorg completely misses you. Snorg claws you!
* * * LOW HITPOINT WARNING * * *
Snorg misses you. Snorg completely misses you. Snorg closely misses you.
Snorg barely misses you.
Unknown command.
Aiming: Dig
Press: ? - help, Shift-Dir - straight line, f - you, p - Snorg Please select a direction to dig.
Okay, then.
Unknown command.
Aiming: Thunderbolt
Press: ? - help, Shift-Dir - straight line, f/p - Snorg
Aim: Snorg (heavily wounded, berserk)
The thunderbolt hits Snorg!!!
Snorg is almost dead.
You hear a shout!
Snorg bites you!!
You die...

Skill      XL: |  1  2  3  4  5  6  7  8  9 10 11 |
---------------+----------------------------------+-----
Dodging        | 3 4 6 7 8 10 12 | 12.5
Conjurations   | 2 3 4 5 6 7 8 |  8.2
Spellcasting   | 4 5 6 8 9 10 | 10.6
Earth Magic    | 4 5 6 7 8 |  8.9
Fighting       | 2 4 |  4.0
Summonings     | 4 7 |  7.8
Stealth        | |  2.4

Action                     |  1- 3 |  4- 6 |  7- 9 | 10-12 || total
---------------------------+-------+-------+-------+-------++-------
  Melee: Unarmed           |    17 |       |       |       ||    17
   Cast: Sandblast         |    39 |    84 |   187 |   197 ||   507
         Stone Arrow       |       |     2 |     9 |    12 ||    23
         Brom's Barrelling |       |       |     1 |       ||     1
  Evoke: Wand              |       |       |     4 |     2 ||     6
         Lightning rod     |       |       |       |     2 ||     2
    Use: Scroll            |       |       |    15 |     9 ||    24
         Potion            |       |       |       |     3 ||     3
 Armour: Robe              |    40 |    12 |    52 |    94 ||   198
  Dodge: Dodged            |    29 |     6 |   100 |   168 ||   303

Levels and vault maps discovered:
D:1:      ebering_trefoil_twist, layout_loops_ring
D:2:      layout_loops_ring, uniq_natasha, uniq_crazy_yiuf_cottage
D:3:      layout_basic, worldfamousw_hep_ancestral_shrine, uniq_terence,
          uniq_grinder, uniq_robin
D:4:      layout_loops_ring, minmay_pentomino_pile
D:5:      layout_basic, trog_antimagical, mainiacjoe_overflow_alcove_2,
          minmay_temple_entry_statues_pillars, serial_shops, shop,
          grunt_decor_mini_mirrors, hex_medium, uniq_menkaure
D:6:      layout_loops_ring, uniq_jeremiah
D:7:      kennysheep_kobold_camp, layout_basic,
          mainiacjoe_overflow_large_starburst, minmay_shop_enchanted_jewellery,
          nrook_mini_vaults, serial_park_tiny_1
D:8:      layout_basic, nicolae_overflow_hidden_temple, serial_shops,
          nicolae_shop_real_fake_doors, enter_bailey_3, nrook_uturn, uniq_maggie
D:9:      layout_rooms, nicolae_overflow_crystal_walls, zin_statuary,
          orc_0_dummy, minmay_misc_feat_roman, nicolae_underground_beach,
          uniq_maurice
D:10:     wad_pebble_path, layout_rooms, minmay_misc_feat_x,
          monkooky_shop_mail_order
D:11:     layout_cave_pools, lair_entry_dummy, serial_shops,
          nicolae_diamond_shop, nicolae_lakefront_shop,
          hangedman_decor_peaks_small
D:14:     layout_basic, david_vaults_3, nicolae_qazlal_style_of_elements,
          nzn_wu_jian_contemplation, uniq_louise, uniq_snorg
Temple:   nicolae_temple_ecumenical_triangle

Notes
Turn   | Place    | Note
-------+----------+-------------------------------------------
     0 | D:1      | cforsyth the Deep Elf Earth Elementalist began the quest
                  | for the Orb.
     0 | D:1      | Reached XP level 1. HP: 10/10 MP: 6/6
   332 | D:1      | Reached XP level 2. HP: 15/15 MP: 6/8
   959 | D:1      | Reached skill level 3 in Dodging
   959 | D:1      | Reached XP level 3. HP: 19/19 MP: 8/10
  1097 | D:2      | Noticed Natasha
  1130 | D:2      | Killed Natasha
  1131 | D:2      | Reached skill level 2 in Conjurations
  1155 | D:2      | Reached XP level 4. HP: 15/24 MP: 6/11
  1211 | D:2      | Learned a level 3 spell: Stone Arrow
  1321 | D:2      | Reached skill level 4 in Spellcasting
  1543 | D:2      | Reached skill level 4 in Earth Magic
  1582 | D:2      | Noticed Natasha
  1589 | D:2      | Killed Natasha
  1815 | D:2      | Noticed Natasha
  1819 | D:2      | Killed Natasha
  1820 | D:2      | Reached XP level 5. HP: 28/28 MP: 10/13
  2043 | D:2      | Found a runed translucent door.
  2044 | D:2      | Noticed Crazy Yiuf
  2236 | D:3      | Noticed Terence
  2240 | D:3      | Killed Terence
  2443 | D:3      | Reached skill level 3 in Conjurations
  2670 | D:3      | Reached skill level 4 in Dodging
  2676 | D:3      | Noticed Robin
  2677 | D:3      | Killed Robin
  2917 | D:3      | Noticed Grinder
  2926 | D:3      | Killed Grinder
  2927 | D:3      | Reached skill level 5 in Spellcasting
  2927 | D:3      | Reached skill level 5 in Earth Magic
  2927 | D:3      | Reached XP level 6. HP: 10/32 MP: 8/16
  3052 | D:3      | Found a hazy altar of Hepliaklqana.
  3359 | D:4      | Reached skill level 4 in Conjurations
  3374 | D:4      | Reached XP level 7. HP: 36/36 MP: 14/17
  3435 | D:4      | Reached skill level 5 in Dodging
  3710 | D:4      | Reached skill level 6 in Spellcasting
  4277 | D:5      | Entered Level 5 of the Dungeon
  4536 | D:5      | Reached skill level 6 in Dodging
  4536 | D:5      | Reached skill level 5 in Conjurations
  4536 | D:5      | Reached skill level 6 in Earth Magic
  4536 | D:5      | Reached XP level 8. HP: 41/41 MP: 14/20
  4585 | D:5      | Found a staircase to the Ecumenical Temple.
  4749 | D:5      | Found a shimmering altar of Xom.
  4765 | D:5      | Found Vulir's Book Emporium.
  4919 | D:5      | Noticed Menkaure
  4922 | D:5      | Killed Menkaure
  4923 | D:5      | Reached skill level 7 in Spellcasting
  5142 | D:5      | Found a bloodstained altar of Trog.
  5368 | Temple   | Entered the Ecumenical Temple
  5373 | Temple   | Became a worshipper of Sif Muna the Loreminder
  5872 | D:6      | Reached skill level 7 in Dodging
  5872 | D:6      | Reached skill level 6 in Conjurations
  5937 | D:6      | Reached skill level 8 in Spellcasting
  5937 | D:6      | Reached skill level 7 in Earth Magic
  6136 | D:6      | Reached XP level 9. HP: 31/45 MP: 20/23
  6137 | D:6      | Noticed Jeremiah
  6239 | D:5      | Learned a level 4 spell: Brom's Barrelling Boulder
  6251 | D:6      | Killed Jeremiah
  6853 | D:7      | Reached skill level 1 in Fighting
  7153 | D:7      | Found an iron altar of Okawaru.
  7221 | D:7      | Reached skill level 7 in Conjurations
  7272 | D:7      | Reached skill level 8 in Dodging
  7330 | D:7      | Found Peci's Jewellery Boutique.
  7393 | D:7      | Reached * piety under Sif Muna
  7565 | D:7      | Reached skill level 9 in Spellcasting
  7700 | D:7      | Found a stormy altar of Qazlal.
  8050 | D:8      | Noticed Maggie
  8056 | D:8      | Identified a scroll of acquirement
  8060 | D:8      | Reached skill level 2 in Fighting
  8066 | D:8      | Killed Maggie
  8067 | D:8      | Reached skill level 8 in Earth Magic
  8147 | D:8      | Found a flagged portal.
  8163 | Bailey   | Entered a bailey
  8248 | Bailey   | Reached ** piety under Sif Muna
  8519 | Bailey   | Noticed an orc knight
  8572 | Bailey   | Killed an orc knight
  8573 | Bailey   | Reached XP level 10. HP: 36/55 MP: 15/25
  8653 | Bailey   | Found an iron altar of Okawaru.
  8713 | D:8      | Reached skill level 3 in Fighting
  8889 | D:8      | Found Ataim's Magic Scroll Shoppe.
  8892 | D:8      | Bought a scroll of identify for 26 gold pieces
  8892 | D:8      | Identified a potion of resistance
  9013 | D:8      | Reached skill level 9 in Dodging
  9037 | D:8      | Reached skill level 10 in Spellcasting
  9040 | D:8      | Reached skill level 8 in Conjurations
  9281 | D:8      | Reached *** piety under Sif Muna
  9602 | D:8      | Found a burning altar of Makhleb.
  9806 | D:9      | Found a staircase to the Orcish Mines.
  9831 | D:9      | Reached skill level 1 in Summonings
 10013 | D:9      | Found a glowing silver altar of Zin.
 10019 | D:9      | Found a snail-covered altar of Cheibriados.
 10026 | D:9      | Reached skill level 2 in Summonings
 10051 | D:9      | Reached skill level 4 in Fighting
 10141 | D:9      | Reached skill level 10 in Dodging
 10141 | D:9      | Reached skill level 3 in Summonings
 10438 | D:9      | Noticed Maurice
 10575 | D:9      | Something stole a ring of protection from cold
 10577 | D:9      | Something stole a staff of air {!a}
 10579 | D:9      | Killed Maurice
 10580 | D:9      | Reached skill level 4 in Summonings
 10747 | D:10     | Entered Level 10 of the Dungeon
 10747 | D:10     | Found Eruofac's Mail-Order Catalogue.
 10791 | D:10     | Noticed a gargoyle
 10866 | D:11     | Reached XP level 11. HP: 47/61 MP: 23/27
 10899 | D:11     | Reached skill level 5 in Summonings
 10944 | D:11     | Found Tiab's Antique Armour Boutique.
 10996 | D:11     | Reached skill level 11 in Dodging
 11103 | D:11     | Identified the +1 leather armour "Ymeuts" {MP-9 Str+2 Dex+2
                  | SInv}
 11473 | D:10     | Reached skill level 6 in Summonings
 11583 | D:10     | Noticed a two-headed ogre
 11587 | D:10     | Killed a two-headed ogre
 12061 | D:11     | Reached skill level 12 in Dodging
 12061 | D:11     | Reached skill level 7 in Summonings
 12123 | D:11     | You fall into a shaft and drop 3 floors!
 12129 | D:14     | Noticed a red ugly thing
 12145 | D:14     | Noticed a red ugly thing
 12153 | D:14     | Noticed a red ugly thing
 12154 | D:14     | Noticed a red ugly thing
 12160 | D:14     | Noticed a deep elf pyromancer
 12164 | D:14     | Noticed Louise
 12164 | D:14     | Noticed a skeletal warrior
 12164 | D:14     | Noticed a phantasmal warrior
 12169 | D:14     | Found an ornate altar of the Wu Jian Council.
 12399 | D:14     | Noticed a centaur warrior
 12409 | D:14     | Found a stormy altar of Qazlal.
 12451 | D:14     | Reached **** piety under Sif Muna
 12524 | D:14     | Noticed a two-headed ogre
 12530 | D:14     | Killed a two-headed ogre
 12612 | D:14     | Noticed Snorg
 12619 | D:14     | Slain by Snorg

Vanquished Creatures
  2 two-headed ogres
  An orc knight (Bailey)
  A manticore (D:10)
  Maurice (D:9)
  Jeremiah (D:6)
  A gargoyle (D:10)
  A kobold demonologist (D:8)
  Maggie (D:8)
  4 trolls
  Grinder (D:3)
  A vampire (D:11)
  3 wraiths
  4 yaks (D:9)
  3 steam dragons
  4 humans (D:14)
  8 vampire mosquitoes (D:11)
  4 wyverns
  Menkaure (D:5)
  3 water moccasins
  2 black bears (D:6)
  An orc warrior (Bailey)
  An ice beast (D:5)
  5 centaurs
  3 ogres
  7 kobold brigands
  4 bullfrogs
  2 scorpions
  8 wights (D:8)
  10 killer bees
  6 howler monkeys
  5 bombardier beetles
  A gnoll bouda (D:7)
  4 hounds
  4 orc priests
  2 iguanas
  Natasha (thrice) (D:2)
  Terence (D:3)
  6 orc wizards
  Robin (D:3)
  9 adders
  10 gnolls
  5 dart slugs
  A ribbon worm (D:2)
  25 orcs
  5 ball pythons
  7 endoplasms
  2 giant cockroaches
  26 goblins
  9 hobgoblins
  5 jackals
  37 kobolds
  3 quokkas
  4 bats
  A frilled lizard (D:3)
  6 rats
276 creatures vanquished.

Vanquished Creatures (others)
  An iguana (D:6)
1 creature vanquished.

Grand Total: 277 creatures vanquished

Table legend: (Time is in decaauts)
 A = Elapsed time spent in this place.
 B = Non-inter-level travel time spent in this place.
 C = Inter-level travel time spent in this place.
 D = Time resting spent in this place.
 E = Time spent auto-exploring this place.
 F = Levels seen in this place.
 G = Mean time per level.
                   A        B        C        D        E       F      G
               +--------+--------+--------+--------+--------+-----+--------+
         Total |  12894 |  12679 |    215 |   2482 |   7595 |  14 |  921.0 |
       Dungeon |  12339 |  12124 |    215 |   2187 |   7544 |  12 | 1028.2 |
        Temple |     12 |     12 |      0 |      0 |      0 |   1 |   12.0 |
        Bailey |    543 |    543 |      0 |    295 |     51 |   1 |  543.0 |
               +--------+--------+--------+--------+--------+-----+--------+

Top non-repeatable levels by time:
     D:5: 1629 daAuts
     D:7: 1367 daAuts
     D:8: 1192 daAuts
     D:3: 1173 daAuts
     D:1: 1094 daAuts
     D:4: 1051 daAuts
     D:2: 1042 daAuts
     D:9: 961 daAuts
     D:6: 886 daAuts
    D:11: 780 daAuts
    D:10: 647 daAuts
  Bailey: 543 daAuts
    D:14: 511 daAuts
  Temple: 12 daAuts

Table legend:
 A = Non-vault XP
 B = Vault XP
 C = Vault XP percentage of total XP
 D = Non-vault monster count
 E = Vault monster count
 F = Vault count percentage of total count
                 A         B        C        D         E       F
            +---------+---------+-------+---------+---------+-------
      Total |   13933 |    3993 |  22.3 |     203 |      74 |  26.7
            +---------+---------+-------+---------+---------+-------
        D:1 |      46 |       0 |   0.0 |      24 |       0 |   0.0
        D:2 |     122 |      36 |  22.8 |      15 |       1 |   6.2
        D:3 |      89 |     352 |  79.8 |      20 |      15 |  42.9
        D:4 |     600 |      35 |   5.5 |      22 |       7 |  24.1
        D:5 |     703 |     204 |  22.5 |       9 |       4 |  30.8
        D:6 |     727 |     394 |  35.1 |      10 |       1 |   9.1
        D:7 |     884 |     127 |  12.6 |      20 |      20 |  50.0
        D:8 |    1888 |     363 |  16.1 |      25 |       5 |  16.7
        D:9 |    2236 |     480 |  17.7 |      18 |       1 |   5.3
       D:10 |    2696 |       0 |   0.0 |      20 |       0 |   0.0
       D:11 |    3129 |       0 |   0.0 |      19 |       0 |   0.0
       D:14 |     813 |     774 |  48.8 |       1 |       4 |  80.0
     Bailey |       0 |    1228 | 100.0 |       0 |      16 | 100.0
            +---------+---------+-------+---------+---------+-------
